 Dungeon Sprint DCSS version 0.30.1 (webtiles) character file.

Game seed: 6354685001063612999

1262 Groucho the Destroyer (level 8, -2/41 HPs)
             Began as a Gargoyle Earth Elementalist on July 8, 2023.
             Was a High Priest of Vehumet.
             Slain by an ice devil (15 damage)
             ... in the Dungeon (Sprint VII: "The Pits").
             The game lasted 00:06:09 (2404 turns).

Groucho the Destroyer (Gargoyle Earth Elementalist) Turns: 2404, Time: 00:06:10

Health: -2/41      AC:  8    Str: 13    XL:     8   Next: 52%
Magic:  16/18      EV: 19    Int: 17    God:    Vehumet [*****.]
Gold:   0          SH:  0    Dex: 10    Spells: 11/20 levels left

rFire   . . .        p - +4 quarterstaff (speed)
rCold   . . .        (shield currently unavailable)
rNeg    + . .        a - +0 robe
rPois   ∞            (no helmet)
rElec   +            (no cloak)
rCorr   .            (no gloves)
SInv    .            (no boots)
Will    .....        (no amulet)
Stlth   ++           h - +3 ring of evasion
HPRegen 0.26/turn    m - +3 ring of evasion
MPRegen 0.16/turn

%: no teleportation
@: no status effects
A: sickness immunity, AC +5, negative energy resistance 1, electricity
resistance, torment resistance 1, petrification resistance
a: Renounce Religion


You were in the Dungeon.
You worshipped Vehumet.
Vehumet was extremely pleased with you.
You visited 1 branch

Inventory:

Hand Weapons
 p - a +4 quarterstaff of speed (weapon)
Armour
 a - a +0 robe (worn)
Jewellery
 h - a +3 ring of evasion (left hand)
 m - a +3 ring of evasion (right hand)
Scrolls
 g - a scroll of blinking
 j - 5 scrolls of amnesia
 k - a scroll of butterflies
Potions
 b - 5 potions of magic
 c - 10 potions of curing
 d - 4 potions of heal wounds
 e - 3 potions of haste
 f - 3 potions of berserk rage
 i - 2 potions of invisibility
 n - 2 potions of might
 o - a potion of brilliance


   Skills:
 + Level 6.6 Staves
 + Level 7.6 Armour
 + Level 6.1 Dodging
 - Level 2.1 Stealth
 + Level 6.7 Spellcasting
 * Level 10.4 Conjurations
 - Level 1.5 Transmutations
 + Level 9.2 Earth Magic


You had 11 spell levels left.
You knew the following spells:

 Your Spells              Type           Power      Damage    Failure   Level
a - Sandblast             Erth           74%        2d16      1%          1
b - Stone Arrow           Conj/Erth      78%        3d11      1%          3
c - Iskenderun's Battles  Conj           41%        2d9       1%          5

Your spell library contained the following spells:

 Spells                   Type           Power      Damage    Failure   Level
 Orb of Destruction       Conj           20%        9d8       32%         7
 Passwall                 Tmut/Erth      20%        N/A       1%          2
 Petrify                  Tmut/Erth      24%        N/A       13%         4


Dungeon Overview and Level Annotations

Branches:
Dungeon (1/1)

Altars:
Ashenzari
Cheibriados
Dithmenos
Elyvilon
Fedhas
Gozag
Hepliaklqana
Kikubaaqudgha
Makhleb
Nemelex Xobeh
Okawaru
Qazlal
Ru
Sif Muna
Trog
Uskayaw
Vehumet
Wu Jian
Xom
Yredelemnul
Zin
The Shining One
Jiyva
Lugonu


Innate Abilities, Weirdness & Mutations

You are immune to sickness and miasma.
Your stone body is resilient. (AC +5)
You are immune to poison.
You resist negative energy. (rN+)
You are resistant to electric shocks. (rElec)
You are resistant to unholy torment.
You are immune to petrification.


Message History

Aim: a black bear (88% to hit)
The blast of sand hits the black bear!
The black bear is heavily wounded.
A black mamba comes into view.
Unknown command.
Aiming: Sandblast (safe; 1% risk of failure)
Press: ? - help, Q - select action, (/) - cycle Shift-Dir - straight line, f/p - black bear
Aim: a black bear (heavily wounded, 88% to hit)
The blast of sand hits the black bear!!
You kill the black bear!
Vehumet accepts your kill.
You feel your power returning.
The black mamba hisses angrily.
Unknown command.
Unknown command.
Aiming: Sandblast (safe; 1% risk of failure)
Press: ? - help, Q - select action, (/) - cycle Shift-Dir - straight line, f - black mamba
Aim: a black mamba (73% to hit)
The blast of sand hits the black mamba!!
The black mamba is heavily wounded.
The black mamba bites you.
Unknown command.
Aiming: Sandblast (safe; 1% risk of failure)
Press: ? - help, Q - select action, (/) - cycle Shift-Dir - straight line, f - ice devil, p - black mamba
Aim: an ice devil (84% to hit)
The blast of sand hits the ice devil.
The ice devil is lightly wounded.
The black mamba bites you but does no damage.
The black mamba barely misses you. The black mamba misses you.
The ice devil barely misses you.
Unknown command.
Unknown command.
The black mamba attacks as you move away!
The black mamba bites you! The black mamba barely misses you.
The black mamba attacks as you move away!
The black mamba misses you. The black mamba bites you!
There is a huge open gate to the Metal Vault (Medium) here.
The ice devil attacks as you move away! The ice devil hits you.
The ice devil freezes you!
You die...

_...###########++######
###'##................#
))'.##......#..#......#
###.##................+
.)..)'................+
'#####......#..#......#
.#..##................#
.#))#####'#####''#####
##))##.......##'@#####
.#))##.......##.S4...#
.#[[##.......##......#
.#'###...<...###†...##
....##.......# ##''##
.÷..##.......# ...#
######.......# ....#
##..########## ....+
.#.########### ....#


You could see an ice devil and a black mamba.

Vanquished Creatures
  Joseph (D)
  A fire bat (D)
  A redback (D)
  2 water moccasins (D)
  A floating eye (D)
  A black bear (D)
  A bullfrog (D)
  A necrophage (D)
  A scorpion (D)
  A jelly (D)
  Terence (D)
  A hell rat (D)
  A gnoll (D)
  2 ball pythons (D)
  3 giant cockroaches (D)
  A goblin (D)
  2 jackals (D)
  A ball python skeleton (D)
  2 bats (D)
  A frilled lizard (D)
  A rat (D)
27 creatures vanquished.

Notes
Turn   | Place    | Note
-------+----------+-------------------------------------------
     0 | D        | Groucho the Gargoyle Earth Elementalist began the quest for
                  | the Orb.
     0 | D        | Reached XP level 1. HP: 10/10 MP: 3/3
    16 | D        | Reached skill level 1 in Armour
    16 | D        | Reached skill level 1 in Transmutations
    16 | D        | Reached XP level 2. HP: 15/15 MP: 0/5
   296 | D        | Found a bloodstained altar of Trog.
   296 | D        | Found a shimmering blue altar of Sif Muna.
   296 | D        | Found a viscous altar of Jiyva.
   296 | D        | Found a hazy altar of Hepliaklqana.
   296 | D        | Found an opulent altar of Gozag.
   297 | D        | Found a glowing golden altar of the Shining One.
   297 | D        | Found a glowing silver altar of Zin.
   297 | D        | Found a basalt altar of Yredelemnul.
   297 | D        | Found a shimmering altar of Xom.
   297 | D        | Found an ornate altar of the Wu Jian Council.
   297 | D        | Found a sacrificial altar of Ru.
   297 | D        | Found a stormy altar of Qazlal.
   297 | D        | Found an iron altar of Okawaru.
   297 | D        | Found a sparkling altar of Nemelex Xobeh.
   297 | D        | Found a burning altar of Makhleb.
   297 | D        | Found a blossoming altar of Fedhas.
   297 | D        | Found a white marble altar of Elyvilon.
   297 | D        | Found a shadowy altar of Dithmenos.
   297 | D        | Found a snail-covered altar of Cheibriados.
   299 | D        | Found a radiant altar of Vehumet.
   299 | D        | Found a corrupted altar of Lugonu.
   300 | D        | Found a hide-covered altar of Uskayaw.
   300 | D        | Found an ancient bone altar of Kikubaaqudgha.
   300 | D        | Found a broken altar of Ashenzari.
   309 | D        | Became a worshipper of Vehumet
   515 | D        | Reached * piety under Vehumet
   515 | D        | Offered knowledge of Kiss of Death by Vehumet.
   539 | D        | Reached skill level 1 in Conjurations
   554 | D        | Reached ** piety under Vehumet
   887 | D        | Noticed a scorpion
   887 | D        | Noticed a floating eye
   889 | D        | Killed a floating eye
   889 | D        | Offered knowledge of Static Discharge by Vehumet.
   890 | D        | Reached skill level 4 in Conjurations
   890 | D        | Reached skill level 5 in Earth Magic
   890 | D        | Reached XP level 3. HP: 19/19 MP: 6/8
   890 | D        | Reached XP level 4. HP: 24/24 MP: 6/9
   890 | D        | Reached XP level 5. HP: 28/28 MP: 6/10
   894 | D        | Reached skill level 5 in Conjurations
   898 | D        | Learned a level 3 spell: Stone Arrow
   981 | D        | Noticed Terence
   982 | D        | Noticed a fire bat
   983 | D        | Noticed a water moccasin
   992 | D        | Killed Terence
   992 | D        | Reached *** piety under Vehumet
   993 | D        | Reached skill level 6 in Conjurations
   997 | D        | Killed a fire bat
   998 | D        | Reached skill level 5 in Armour
   998 | D        | Reached skill level 5 in Spellcasting
   998 | D        | Reached skill level 7 in Conjurations
   998 | D        | Reached XP level 6. HP: 20/32 MP: 8/13
   999 | D        | Reached **** piety under Vehumet
  1035 | D        | Killed a water moccasin
  1036 | D        | Reached skill level 5 in Staves
  1036 | D        | Reached skill level 5 in Dodging
  1036 | D        | Reached skill level 8 in Conjurations
  1036 | D        | Reached XP level 7. HP: 32/36 MP: 8/15
  1048 | D        | Offered knowledge of Frozen Ramparts by Vehumet.
  1294 | D        | Offered knowledge of Flame Wave by Vehumet.
  1588 | D        | Noticed a redback
  1590 | D        | Killed a redback
  1590 | D        | Offered knowledge of Iskenderun's Battlesphere by Vehumet.
  1591 | D        | Reached skill level 9 in Conjurations
  1897 | D        | Learned a level 5 spell: Iskenderun's Battlesphere
  1904 | D        | Reached ***** piety under Vehumet
  1904 | D        | Offered knowledge of Orb of Destruction by Vehumet.
  1908 | D        | Reached XP level 8. HP: 38/41 MP: 11/17
  1948 | D        | Noticed Joseph
  1961 | D        | Killed Joseph
  1962 | D        | Reached skill level 10 in Conjurations
  2396 | D        | Noticed an ice devil
  2397 | D        | Noticed a black mamba
  2404 | D        | Slain by an ice devil

Illustrated notes

Levels and vault maps discovered:
D:        pitsprint [storerooms_1, entrance_room_1, metal_vault_2, armoury_1,
          mini_pit_1, grid_room_1, main_hall_1, silver_pit, the_coven_2,
          the_vestibule_1, steel_vault_3, golden_pit, hallway_of_sentries,
          crystal_vault_2, iron_vault_2, final_vault]

Skill      XL: |  1  2  3  4  5  6  7  8 |
---------------+-------------------------+-----
Armour         | 1 3 5 6 7 |  7.6
Dodging        | 2 3 4 5 6 |  6.1
Transmutations | 1 |  1.5
Earth Magic    | 4 5 7 8 9 |  9.2
Conjurations   | 4 7 8 9 10 | 10.4
Staves         | 2 4 5 6 |  6.6
Spellcasting   | 3 5 6 |  6.7
Stealth        | |  2.1

Action                     |  1- 3 |  4- 6 |  7- 9 || total
---------------------------+-------+-------+-------++-------
   Cast: Sandblast         |    12 |    18 |    29 ||    59
    Use: Potion            |       |     1 |     3 ||     4
 Armour: Robe              |     4 |     8 |     3 ||    15
  Dodge: Dodged            |     7 |    11 |    20 ||    38
